 Dungeon Crawl Stone Soup version 0.16-a0-77-g708f960 (webtiles) character file.

143 MRaven the Ruinous (level 4, 8/33 HPs)
             Began as a Demigod Conjurer on Aug 7, 2014.
             Quit the game on Level 2 of the Dungeon on Aug 8, 2014.
             The game lasted 00:16:34 (2729 turns).

MRaven the Ruinous (Demigod Conjurer)               Turns: 2729, Time: 00:16:34

HP   8/33        AC  3     Str 11      XL: 4   Next: 76%
MP   1/12        EV 12     Int 20      God:
Gold 159         SH  0     Dex 18      Spells:  3 memorised,  3 levels left

rFire  . . .     SeeInvis .     g - +0 short sword
rCold  . . .     Clarity  .     j - +0 robe
rNeg   . . .     rCorr    .     (no shield)
rPois  .         rRot     .     (helmet restricted)
rElec  .         Spirit   .     p - +0 cloak
SustAb .         Warding  .     (no gloves)
rMut   .         Stasis   .     (no boots)
Gourm  .                        (no amulet)
MR     .....                    (no ring)
                                (no ring)

@: very slightly contaminated, not resistant to hostile enchantments, unstealthy
A: beak, blurry vision 1, screaming 1
a: no special abilities


You were on level 2 of the Dungeon.
You were not hungry.

You visited 1 branch of the dungeon, and saw 3 of its levels.

You collected 159 gold pieces.

Inventory:

Hand weapons
 a - a +3 hunting sling
 g - a +0 short sword (weapon)
Missiles
 e - 27 poisoned needles
 i - 4 javelins (quivered)
Armour
 j - a +0 robe (worn)
 m - a +0 helmet
 p - a +0 cloak (worn)
Magical devices
 q - a wand of slowing (15)
Comestibles
 b - 3 bread rations
 k - a meat ration
 l - 2 rotting chunks of quokka flesh
 o - a chunk of giant newt flesh
 r - 2 rotting chunks of jackal flesh
 v - a chunk of adder flesh
 w - a chunk of adder flesh
 x - a chunk of giant newt flesh
 z - 3 chunks of hobgoblin flesh
Scrolls
 d - 2 scrolls of recharging
 h - a scroll of teleportation
 n - a scroll of amnesia
 t - a scroll of fear
Potions
 f - a potion of curing {unknown}
 u - a potion of heal wounds
Books
 c - a book of Conjurations

   Spells                             Type                      Level
   *Magic Dart                        Conjuration                  1
   *Searing Ray                       Conjuration                  2
   *Dazzling Spray                    Conjuration/Hexes            3
   Fulminant Prism                    Conjuration/Hexes            4
   Iskenderun's Mystic Blast          Conjuration                  4
   Iskenderun's Battlesphere          Conjuration/Charms           5


   Skills:
 - Level 1.7 Dodging
 - Level 1.7 Stealth
 + Level 3.3 Spellcasting
 + Level 4.8 Conjurations


You had 3 spell levels left.
You knew the following spells:

 Your Spells              Type           Power        Failure   Level  Hunger
a - Magic Dart            Conj           ###.         1%          1    None
b - Searing Ray           Conj           ###...       2%          2    ##.....
c - Dazzling Spray        Conj/Hex       ##......     17%         3    ###....


Dungeon Overview and Level Annotations

Branches:
Dungeon (3/15)

Annotations:
D:2 Natasha


Innate Abilities, Weirdness & Mutations

You have a beak for a mouth.
Your vision is a little blurry.
You occasionally shout uncontrollably at your foes.


Message History

Aim: an orc The searing ray hits the orc.
The orc is lightly wounded.
The searing ray hits the orc.
The orc is moderately wounded.
Natasha barely misses you.
Natasha stares at you and mumbles some strange words.
The magic dart hits you!
There is an escape hatch in the ceiling here.
Natasha claws you. The orc barely misses you.
A mysterious force pulls you upwards. The hatch slams shut behind you.
Drink which item? (? for menu, Esc to quit)
You feel extremely strange.
Your vision blurs.
You feel the urge to shout.
Your mouth lengthens and hardens into a beak!
Your +0 helmet falls away!
It was a potion of mutation.
Natasha claws you. The orc hits you.
* * * LOW HITPOINT WARNING * * *
Unknown command.
Are you sure you want to abandon this character and quit the game? (Confirm with "yes".)

#.......##..#.###
###############...##
......#### ###.....#
.#.....%.# #...#.#.#
.#.......# #.#..%..#
.#...>...###.##.##.#
.#.......#.......#.#
.#.^.....#.#.###h#.#
##.......#.#....@#.#
#.......#.#.....o.#
##########(......###
...# #####.#### ##.#
##.###.# ##.#
##.#.##.# ##.#
##.###.#.# ##.# #.##
##..#
...####.###...#


You could see Natasha and an orc.

Vanquished Creatures
  7 adders
  An inept item mimic (D:2)
  A worm (D:2)
  An ooze (D:1)
  2 orcs
  10 bats
  A giant cockroach (D:3)
  10 goblins
  4 hobgoblins
  10 jackals
  A quokka (D:3)
  4 giant geckos
  5 giant newts
  4 kobolds
  8 rats
69 creatures vanquished.

Notes
Turn   | Place    | Note
--------------------------------------------------------------
     0 | D:1      | MRaven, the Demigod Conjurer, began the quest for the Orb.
     0 | D:1      | Reached XP level 1. HP: 14/14 MP: 3/3
   399 | D:1      | Reached XP level 2. HP: 20/20 MP: 3/5
   429 | D:1      | Learned a level 2 spell: Searing Ray
   613 | D:1      | Reached skill level 4 in Conjurations
  1115 | D:1      | Reached XP level 3. HP: 26/26 MP: 5/8
  1310 | D:1      | Upgraded the game from 0.16-a0-66-gff12a3a to 0.16-a0-77-g708f960
  1316 | D:1      | Learned a level 3 spell: Dazzling Spray
  1936 | D:2      | Reached XP level 4. HP: 26/33 MP: 5/12
  2072 | D:2      | Found a deep blue altar of Sif Muna.
  2102 | D:2      | Found a radiant altar of Vehumet.
  2160 | D:2      | Found a sparkling altar of Nemelex Xobeh.
  2717 | D:3      | Noticed Natasha
  2728 | D:2      | Gained mutation: Your vision is a little blurry. [potion of mutation]
  2728 | D:2      | Gained mutation: You occasionally shout uncontrollably at your foes. [potion of mutation]
  2728 | D:2      | Gained mutation: You have a beak for a mouth. [potion of mutation]
  2729 | D:2      | Quit the game

Action                   |  1- 3 |  4- 6 || total
-------------------------+-------+-------++-------
Melee: Club              |    14 |       ||    14
       Short sword       |     5 |     1 ||     6
Throw: Javelin           |    14 |       ||    14
 Cast: Magic Dart        |    50 |    20 ||    70
       Searing Ray       |     8 |     9 ||    17
       Dazzling Spray    |       |     1 ||     1
Evoke: Wand              |     1 |       ||     1
  Use: Scroll            |     5 |     3 ||     8
       Potion            |       |     1 ||     1
  Eat: Chunk             |     4 |     2 ||     6
